AoeStats
← kaysko

Arabia

509542315Analyzed
1v1 RM · 6d ago on Sep 27, 2026· 41m 14s· 2 players
Game mode
Random Map
Map size
Tiny (2 player)
Population
200
Speed
Normal
Resources
Standard
Victory
Conquest
Starting age
Dark Age
Ending age
Imperial Age
RankedLock teamsTeams togetherTeam positionsShared explorationLock speedFull tech treeHidden civsTurbo modeCheats
Victory
Defeat
🇳🇿 Maya · New Zealand
771
+13
🇦🇷 Tupi · Argentina
706
-13
Lord_Engineer
8:26 Loom
10:13 Feudal Age
11:04 Double-Bit Axe
16:11 Castle Age
20:47 Fletching
20:58 Padded Archer Armor
27:24 Bodkin Arrow
28:33 Leather Archer Armor
34:45 Town Watch
36:21 Ballistics
42:43 Imperial Age
kaysko
0:36 Loom
12:10 Feudal Age
12:53 Double-Bit Axe
12:52 Horse Collar
14:28 Fletching
17:06 Wheelbarrow
19:26 Padded Archer Armor
20:40 Gold Mining
23:50 Castle Age
25:07 Bodkin Arrow
25:27 Leather Archer Armor
24:35 Crossbowman
25:24 Thumb Ring
26:12 Stone Mining
26:34 Bow Saw
29:13 Ballistics
35:30 Imperial Age
34:37 Hand Cart
34:08 Town Watch
36:17 Arbalester
37:15 Bracer
Connection lost

Rejoining the realm…

Still unreachable

The connection could not be restored.

Session expired

The server has moved on; the page needs a fresh start.